 Dungeon Crawl Stone Soup version 0.30.0-17-ge0270778cf (webtiles) character file.

Game seed: 11151401423877313315

329 DemonSlayer the Digger (level 6, 0/64 HPs)
             Began as a Demonspawn Earth Elementalist on May 21, 2023.
             Slain by Pikel
             ... wielding a +2 whip of flaming
              (4 damage)
             ... on level 5 of the Dungeon.
             The game lasted 00:06:19 (2692 turns).

DemonSlayer the Digger (DsEE)                       Turns: 2692, Time: 00:06:20

Health: 0/64       AC: 23    Str: 10    XL:     6   Next: 25%
Magic:  5/11       EV:  2    Int: 16    God:
Gold:   119        SH:  0    Dex: 14    Spells: 11/12 levels left

rFire   . . .        d - +0 dagger
rCold   . . .        (no shield)
rNeg    . . .        g - melded +1 leather armour of Myh Kuil {Rampage Str+2 Dex+2 Stlth-}
rPois   +            b - melded +0 helmet
rElec   .            (cloak currently unavailable)
rCorr   .            (gloves currently unavailable)
SInv    .            (boots currently unavailable)
Will    .....        (no amulet)
Stlth   ++           (no ring)
HPRegen 0.30/turn    (no ring)
MPRegen 0.12/turn

%: no passive effects
@: tree-form
A: stationary, stasis, torment immunity, boosted hp, (claws 2), demonic guardian
1, (sturdy frame 1)
a: no special abilities


You were on level 5 of the Dungeon.
You were a tree.
You visited 1 branch of the dungeon, and saw 5 of its levels.

You collected 119 gold pieces.

Inventory:

Hand Weapons
 d - a +0 dagger (weapon)
Armour
 a - a +0 robe
 b - a +0 helmet (melded)
 g - the +1 leather armour of Myh Kuil (melded) {Rampage Str+2 Dex+2 Stlth-}
   (You found it on level 4 of the Dungeon)

   Str:       It affects your strength (+2).
   Dex:       It affects your dexterity (+2).
   Rampage:   It bestows one free step when moving towards enemies.
   Stlth:     It makes you less stealthy.
Scrolls
 c - a scroll of identify


   Skills:
 + Level 1.0 Fighting
 + Level 2.5 Dodging
 + Level 2.1 Stealth
 + Level 3.9 Spellcasting
 + Level 0.8 Transmutations
 + Level 4.7 Earth Magic
 + Level 0.6 Evocations


You had 11 spell levels left.
You knew the following spells:

 Your Spells              Type           Power      Damage    Failure   Level
a - Sandblast             Erth           36%        2d10      2%          1

Your spell library contained the following spells:

 Spells                   Type           Power      Damage    Failure   Level
 Passwall                 Tmut/Erth      10%        N/A       9%          2
 Stone Arrow              Conj/Erth      20%        3d8       19%         3
 Petrify                  Tmut/Erth      12%        N/A       47%         4
 Animate Dead             Necr           3%         N/A       86%         4
 Borgnjor's Vile Clutch   Necr/Erth      5%         N/A       87%         5
 Death Channel            Necr           1%         N/A       100%        6


Dungeon Overview and Level Annotations

Branches:
Dungeon (5/15)
 Temple: D:4-7

Altars:

Annotations:
D:4 Eustachio, Robin
D:5 Dowan, Duvessa, Edmund, Pikel


Innate Abilities, Weirdness & Mutations

You are a tree.
Your roots penetrate the ground, keeping you stationary.
You cannot be teleported.
You are immune to unholy pain and torment.
Your maximum health is greatly increased.
Your equipment is partially melded.
((You have very sharp fingernails.))
A weak demonic guardian rushes to your aid.
((Your movements are slightly less encumbered by armour. (ER -2)))


Message History

As you read the scroll of fear, it crumbles to dust.
You assume a fearsome visage.
The lemure looks frightened! x3
The centaur looks frightened!
As you read the scroll of fear, it crumbles to dust.
You assume a fearsome visage.
Nothing appears to happen.
Cornered, the centaur turns to fight!
Unknown command.
As you read the scroll of fear, it crumbles to dust.
You assume a fearsome visage.
The lemure looks frightened!
The centaur looks frightened!
Something hits your iron imp!
Unknown command.
You aren't carrying any potions.
As you read the scroll of fear, it crumbles to dust.
You assume a fearsome visage.
Nothing appears to happen.
Cornered, the centaur turns to fight!
Something barely misses your iron imp.
Your iron imp hits the centaur.
The centaur hits your iron imp but does no damage.
The centaur kicks your iron imp but does no damage.
Unknown command.
There are monsters nearby!
There are monsters nearby!
There are monsters nearby!
There are monsters nearby!
Casting: Sandblast (safe; 2% risk of failure)
Confirm with . or Enter, or press ? or * to list all spells.
You don't know that spell.
You cannot move.
There's something in the way.
There's something in the way.
There's something in the way.
There's something in the way.
There's something in the way.
There's something in the way.
There's something in the way.
You swing at nothing.
The centaur hits your iron imp!
Your iron imp dies!
Your iron imp disappears in a puff of smoke!
You swing at nothing.
Pikel hits you with a +2 whip of flaming.
You die...

..##### #.#
# ......#
#.# ..###.#
#.# ..# #.#
#.# ..# #[#
###5##.#
..###.#
#......#
....#)###.#
#.#.####
....†)<...#
###.#..c
###.#.#####
#.♣#.c.....
#.#.#
#.#K####...#
#.#.# ... .#
#.#. #.#.#
#.#. ## ##
#.#.# #.#>
....# . ..
..[.# . ..
... ). ..


You could see Pikel and a lemure (fleeing).

Vanquished Creatures
  Blork the orc (D:5)
  A scorpion (D:4)
  A jelly (D:5)
  2 iguanas (D:4)
  6 adders
  2 worms
  A dart slug (D:2)
  4 orcs (D:4)
  3 endoplasms
  5 giant cockroaches
  5 goblins
  6 hobgoblins
  3 quokkas
  7 ball pythons
  4 bats
  A frilled lizard (D:1)
  6 kobolds
  5 rats
63 creatures vanquished.

Notes
Turn   | Place    | Note
-------+----------+-------------------------------------------
     0 | D:1      | DemonSlayer the Demonspawn Earth Elementalist began the
                  | quest for the Orb.
     0 | D:1      | Reached XP level 1. HP: 13/13 MP: 3/3
   123 | D:1      | Found a faded altar of an unknown god.
   244 | D:1      | Gained mutation: You have sharp fingernails. [demonic
                  | ancestry]
   244 | D:1      | Reached XP level 2. HP: 18/19 MP: 3/5
   637 | D:1      | Reached skill level 3 in Earth Magic
   870 | D:2      | Gained mutation: Your movements are slightly less
                  | encumbered by armour. (ER -2) [demonic ancestry]
   870 | D:2      | Reached XP level 3. HP: 22/25 MP: 3/6
  1202 | D:2      | Gained mutation: A weak demonic guardian rushes to your
                  | aid. [demonic ancestry]
  1202 | D:2      | Reached XP level 4. HP: 27/31 MP: 5/8
  1264 | D:2      | You fall into a shaft and drop 1 floor!
  1553 | D:4      | Noticed Robin
  1562 | D:5      | Entered Level 5 of the Dungeon
  1640 | D:5      | Noticed Blork the orc
  1645 | D:5      | Killed Blork the orc
  1646 | D:5      | Reached skill level 4 in Earth Magic
  1646 | D:5      | Reached XP level 5. HP: 36/36 MP: 7/9
  1696 | D:5      | Noticed Duvessa
  1703 | D:5      | Noticed Edmund
  1703 | D:5      | Noticed Dowan
  2015 | D:4      | Identified the +1 leather armour of Myh Kuil {Rampage Str+2
                  | Dex+2 Stlth-}
  2144 | D:4      | Gained mutation: You have very sharp fingernails. [demonic
                  | ancestry]
  2144 | D:4      | Reached XP level 6. HP: 17/42 MP: 3/11
  2626 | D:4      | Noticed Eustachio
  2650 | D:4      | Reached skill level 1 in Fighting
  2662 | D:5      | Noticed Pikel
  2685 | D:5      | HP: 2/64 [lemure[Pikel] (4)]
  2692 | D:5      | Slain by Pikel

Illustrated notes

Levels and vault maps discovered:
D:1:      dpeg_arrival_round_c, layout_rooms,
          ebering_ecumenical_altar_sacrificial, lemuel_flame_loot_1
D:2:      layout_basic
D:3:      layout_basic, mainiacjoe_overflow_chevrons, chequers_mini_garden,
          uniq_natasha, uniq_sigmund
D:4:      layout_layer_cave, serial_shops, nicolae_lakefront_shop, uniq_robin,
          uniq_eustachio
D:5:      layout_loops_ring, nicolae_uskayaw_en_pointe, serial_bayou_ford_a,
          skrybe_limestone_x, uniq_duvessa, uniq_pikel, uniq_edmund,
          uniq_grinder, uniq_blork_the_orc

Skill      XL: |  1  2  3  4  5  6 |
---------------+-------------------+-----
Dodging        | 2 |  2.5
Earth Magic    | 3 4 |  4.7
Stealth        | 2 |  2.1
Spellcasting   | 3 |  3.9
Fighting       | 1 |  1.0
Transmutations | |  0.8
Evocations     | |  0.6

Action                     |  1- 3 |  4- 6 || total
---------------------------+-------+-------++-------
  Melee: Dagger            |    11 |     8 ||    19
   Cast: Sandblast         |    61 |    63 ||   124
  Evoke: Wand              |       |     5 ||     5
    Use: Potion            |     1 |     2 ||     3
         Scroll            |       |     5 ||     5
 Armour: Robe              |    15 |     7 ||    22
         Leather armour    |       |    19 ||    19
         Skin              |       |    17 ||    17
  Dodge: Dodged            |    40 |    60 ||   100
